Map: [ESL] Moondance

Players

Raza

  • Race: Terran Terran
  • Spawn Location: 6:00

GungFuBanDa - Winner!

  • Race: Protoss Protoss
  • Spawn Location: 12:00

Event: DreamHack SC2 Masters 2022 Atlanta (Offline)

VOD

Have the link to the VOD?

Description

Time

  • Played on: Nov. 18, 2022, 9:41 a.m.
  • Length: 6:57

All games in this series

Show
View Real Time Build Order
Export as new Build Order

Raza Terran 

Build Orders: 1/1/1 

Get SALT Encoding   

  12  0:00  SCV  
  13  0:12  SCV  
  14  0:17  Supply Depot  
  14  0:24  SCV  
  15  0:39  SCV  
  15  0:40  Barracks  
  16  0:44  Refinery  
  16  0:51  SCV  
  16  0:55  Refinery  
  17  1:03  SCV  
  18  1:15  SCV  
  19  1:28  Orbital Command, Marine  
  20  1:39  Factory  
  20  1:44  Supply Depot  
  20  1:51  Barracks Reactor  
  20  1:54  SCV  
  21  2:06  SCV  
  22  2:20  SCV  
  25  2:23  Widow Mine  
  25  2:24  Starport  
  25  2:27  Supply Depot  
  25  2:28  Marine  
  25  2:29  Marine  
  27  2:32  SCV  
  28  2:42  Armory  
  28  2:44  Widow Mine  
  28  2:49  SCV  
  31  2:52  Marine  
  31  2:54  Marine  
  33  3:01  Medivac  
  35  3:07  Factory Tech Lab  
  35  3:08  SCV  
  35  3:11  Supply Depot  
  36  3:17  Marine x2  
  38  3:22  SCV  
  39  3:36  Thor  
  45  3:43  Supply Depot  
  45  3:48  Viking  
  47  3:59  Supply Depot  
  47  4:04  Marine x2  
  49  4:13  Supply Depot  
  49  4:22  Marine  
  49  4:24  Siege Tank  
  53  4:28  Marine  
  52  4:46  Marine x2  
  52  4:53  Liberator  
  55  5:04  Marine x2  
  52  5:21  Marine  
  52  5:22  Marine  
  54  5:31  Siege Tank  
  55  5:39  Marine x2  
  49  5:54  Liberator  
  50  5:57  Marine  
  48  6:17  Siege Tank  
  43  6:20  Marine  
  43  6:24  Marine  
Show
View Real Time Build Order
Export as new Build Order

GungFuBanDa Protoss - Winner!

Build Orders: 1 Gate Expand, Blink Stalkers 

Get SALT Encoding   

  12  0:00  Probe  
  13  0:12  Probe  
  14  0:19  Pylon  
  14  0:24  Probe  
  15  0:38  Probe (Chrono Boost)  
  15  0:40  Gateway  
  16  0:46  Probe (Chrono Boost)  
  16  0:48  Assimilator  
  17  0:52  Probe  
  18  1:04  Probe  
  19  1:16  Probe  
  20  1:27  Cybernetics Core  
  20  1:34  Nexus  
  20  1:37  Probe  
  21  1:42  Assimilator  
  21  1:49  Probe  
  21  1:51  Pylon  
  22  2:01  Probe  
  22  2:04  Warp Gate  
  22  2:08  Adept (Chrono Boost)  
  23  2:13  Probe  
  26  2:25  Probe  
  26  2:28  Stalker (Chrono Boost)  
  29  2:34  Twilight Council  
  29  2:37  Probe  
  30  2:46  Probe  
  30  2:51  Probe (Chrono Boost)  
  32  2:56  Stalker  
  32  2:58  Probe (Chrono Boost)  
  35  3:02  Shield Battery  
  36  3:07  Probe (Chrono Boost)  
  36  3:08  Probe (Chrono Boost)  
  36  3:10  Blink (Chrono Boost)  
  37  3:14  Probe  
  37  3:17  Probe  
  39  3:24  Gateway  
  39  3:28  Probe  
  39  3:30  Robotics Facility  
  39  3:32  Probe  
  41  3:40  Probe  
  42  3:42  Pylon  
  42  3:44  Probe  
  43  3:53  Probe  
  43  3:59  Stalker  
  44  4:17  Observer (Chrono Boost)  
  44  4:20  Probe  
  45  4:26  Probe  
  45  4:29  Assimilator  
  44  4:38  Stalker  
  46  4:39  Probe  
  46  4:40  Probe  
  47  4:52  Stalker  
  49  4:58  Immortal (Chrono Boost), Pylon  
  49  5:00  Shield Battery  
  49  5:03  Shield Battery  
  53  5:07  Cybernetics Core  
  53  5:18  Stalker x2  
  52  5:30  Immortal (Chrono Boost)  
  52  5:32  Pylon  
  56  5:38  Observer  
  56  5:49  Gateway  
  56  5:52  Gateway  
  56  5:54  Stalker  
  58  6:03  Shield Battery  
  58  6:04  Immortal (Chrono Boost)  
  58  6:05  Pylon  
  62  6:19  Stalker  
  62  6:31  Gateway x2  
  62  6:34  Pylon  
  66  6:51  Stalker  
  66  6:52  Stalker x2  
Tags
 
Add a new tag
Caveats
  • Supply blocks, unpowered buildings, or Contaminate may cause inaccurate times.
  • Supply counts are checked every 10 seconds.